 Dungeon Crawl Stone Soup version 0.26.1-10-gdfb7c7de75 (webtiles) character file.

Game seed: 4066894888755890978

307 oldmanjim the Ruffian (level 6, -15/51 HPs)
             Began as a Draconian Transmuter on Mar 31, 2021.
             Was an Initiate of Okawaru.
             Demolished by an ogre
             ... wielding a +0 giant club
              (18 damage)
             ... on level 3 of the Dungeon on Apr 1, 2021.
             The game lasted 00:29:57 (6453 turns).

oldmanjim the Ruffian (Draconian Transmuter)        Turns: 6453, Time: 00:29:57

Health: -15/51     AC:  7    Str: 13    XL:     6   Next: 16%
Magic:  9/9        EV: 12    Int: 11    God:    Okawaru [......]
Gold:   163        SH:  0    Dex: 11    Spells: 8/9 levels left

rFire    . . .     SeeInvis .     - Unarmed
rCold    . . .     Faith    .   (no shield)
rNeg     . . .     Spirit   .   (armour unavailable)
rPois    .         Reflect  .   (helmet currently unavailable)
rElec    .         Harm     .   (no cloak)
rCorr    .         Rampage  .   j - +0 pair of gloves
Will     .....                  (boots currently unavailable)
Stlth    +.........             (no amulet)
HPRegen  0.17/turn              p - -4 ring of intelligence
MPRegen  0.11/turn              (no ring)

@: appendages (expiring)
A: unfitting armour, horns 2, talons 2, cold-blooded, AC +6
a: End Transformation, Renounce Religion


You were on level 3 of the Dungeon.
You worshipped Okawaru.
Okawaru was noncommittal.
You had grown temporary horns.
You had grown temporary talons.
You visited 2 branches of the dungeon, and saw 5 of its levels.

You collected 163 gold pieces.

Inventory:

Hand Weapons
 e - a +1 mace of holy wrath
Missiles
 b - 17 poisoned darts (quivered)
 h - 84 stones
 m - 24 sling bullets
Armour
 j - a +0 pair of gloves (worn)
Jewellery
 p - a -4 ring of intelligence (left hand)
Scrolls
 c - a scroll of amnesia
 n - 2 scrolls of enchant weapon
Potions
 g - 5 potions of flight
 k - a potion of lignification {unknown}
 l - 2 potions of curing
 o - a potion of heal wounds


   Skills:
 + Level 3.4 Fighting
 - Level 1.9 Throwing
 - Level 1.7 Dodging
 - Level 1.1 Stealth
 * Level 4.9 Unarmed Combat
 - Level 2.0 Spellcasting
 + Level 3.0 Transmutations


You had 8 spell levels left.
You knew the following spells:

 Your Spells              Type           Power        Failure   Level
a - Beastly Appendage     Tmut           14%          9%          1

Your spell library contained the following spells:

 Spells                   Type           Power        Failure   Level
 Wereblood                Tmut           7%           13%         2
 Spider Form              Tmut/Pois      2%           43%         3
 Ice Form                 Ice/Tmut       4%           83%         4
 Blade Hands              Tmut           3%           93%         5


Dungeon Overview and Level Annotations

Branches:
Dungeon (4/15)             Temple (1/1) D:4

Altars:
Cheibriados
Dithmenos
Fedhas
Gozag
Hepliaklqana
Kikubaaqudgha
Makhleb
Okawaru
Qazlal
Ru
Sif Muna
Trog
Vehumet
Wu Jian
Yredelemnul
The Shining One

Annotations:
D:3 2 transporters, 3 runed translucent doors, exclusion: 3 doors, Dillybarz's ghost, amateur GnWn; axecop's ghost, amateur NaDe


Innate Abilities, Weirdness & Mutations

Your plain brown scales are hard. (AC +6)
You cannot fit into any form of body armour.
You are cold-blooded and may be slowed by cold attacks.
You have a pair of horns on your head.
You have razor-sharp toenails.


Message History

You are too injured to fight recklessly!
You hit the ogre but do no damage.
You headbutt the ogre, but do no damage.
The ogre barely misses you.
You hit the ogre. Your headbutt misses the ogre.
The ogre is lightly wounded.
The ogre barely misses you.
You hit the ogre.
The ogre is lightly wounded.
Your transformation is almost over.
You hit the ogre but do no damage. Your kick misses the ogre.
You tail-slap the ogre.
The ogre is moderately wounded.
The ogre hits you with a +0 giant club!
You punch the ogre! You claw the ogre.
The ogre is severely wounded.
The ogre hits you with a +0 giant club!
* * * LOW HITPOINT WARNING * * *
The ogre hits you with a +0 giant club!!
You die...

#..######
#.#....#..
#..##...##
#.######⌠.
#..#.....# #.# #P.
#.......#########
#$.
####.>..8.8.8.8.#
##8 ##...........#
## ##..........#
#.O........#
#.@........#
#..).......#
#..8.8.8.8.#
##.################
#.# #.....).....
#.#####.##########
#..†.)...#
#######.## ###


You could see an ogre.

Vanquished Creatures
  A centaur skeleton (D:4)
  A bullfrog skeleton (D:4)
  An iguana (D:4)
  Robin (D:3)
  6 gnolls (D:2)
  5 adders
  2 oozes
  An adder skeleton (D:4)
  2 worms (D:2)
  2 dart slugs
  A leopard gecko (D:2)
  An orc (D:3)
  3 ball pythons (D:2)
  19 goblins
  11 hobgoblins
  8 jackals
  6 kobolds
  3 quokkas
  5 bats
  4 frilled lizards
  A quokka skeleton (D:4)
  5 rats
89 creatures vanquished.

Vanquished Creatures (others)
  3 withered plants (D:3)
3 creatures vanquished.

Grand Total: 92 creatures vanquished

Notes
Turn   | Place    | Note
-------+----------+-------------------------------------------
     0 | D:1      | oldmanjim the Draconian Transmuter began the quest for the
                  | Orb.
     0 | D:1      | Reached XP level 1. HP: 16/16 MP: 3/3
   521 | D:1      | Reached XP level 2. HP: 24/24 MP: 5/5
  2089 | D:2      | Reached XP level 3. HP: 11/29 MP: 4/6
  2560 | D:2      | Reached skill level 4 in Unarmed Combat
  2833 | D:2      | Reached XP level 4. HP: 28/37 MP: 5/7
  3338 | D:2      | Reached skill level 1 in Throwing
  3338 | D:2      | Reached skill level 1 in Stealth
  4100 | D:2      | Found a blossoming altar of Fedhas.
  4135 | D:3      | Found a bloodstained altar of Trog.
  4147 | D:3      | Reached XP level 5. HP: 42/42 MP: 6/8
  4189 | D:3      | Found a transporter.
  4404 | D:3      | Noticed Robin
  4771 | D:3      | Killed Robin
  5489 | D:3      | Found a runed translucent gate.
  5489 | D:3      | Found a runed translucent gate.
  5489 | D:3      | Noticed axecop's ghost (amateur NaDe)
  5490 | D:3      | Found a runed translucent gate.
  5490 | D:3      | Noticed Dillybarz's ghost (amateur GnWn)
  5493 | D:3      | Found a transporter.
  5660 | D:4      | Found a staircase to the Ecumenical Temple.
  5678 | Temple   | Entered the Ecumenical Temple
  5822 | Temple   | Became a worshipper of Warmaster Okawaru
  5923 | D:4      | Found a shimmering blue altar of Sif Muna.
  6272 | D:4      | Reached XP level 6. HP: 49/51 MP: 7/9
  6449 | D:3      | HP: 2/51 [ogre/+0 giant club (16)]
  6453 | D:3      | Demolished by an ogre

Illustrated notes

Levels and vault maps discovered:
D:1:      minmay_arrival_plants_in_alcoves, layout_basic
D:2:      layout_basic, nicolae_overflow_hidden_temple
D:3:      kennysheep_the_goblin_king, layout_loops_ring,
          gammafunk_temple_overflow_arena, gammafunk_ghost_cemetery, uniq_robin
D:4:      layout_basic, kennysheep_mini, marbit_many_paths,
          general_overflow_altar, minmay_temple_entry_purple_smoke,
          serial_shops, nicolae_shop_behind_doors, minmay_strange_pillars
Temple:   dshaligram_water_room_temple

Skill      XL: |  1  2  3  4  5  6 |
---------------+-------------------+-----
Fighting       | 2 3 |  3.4
Unarmed Combat | 4 |  4.9
Throwing       | 1 |  1.9
Stealth        | 1 |  1.1
Transmutations | 3 |  3.0
Dodging        | |  1.7
Spellcasting   | |  2.0

Action                   |  1- 3 |  4- 6 || total
-------------------------+-------+-------++-------
Melee: Unarmed           |   118 |   173 ||   291
       Tailslap          |    15 |    18 ||    33
       Punch             |     4 |     2 ||     6
       Headbutt          |     1 |     8 ||     9
       Kick              |     4 |    22 ||    26
Throw: Dart              |    15 |    67 ||    82
       Stone             |       |    49 ||    49
 Cast: Beastly Appendage |     7 |    21 ||    28
  Use: Scroll            |       |     9 ||     9
 Stab: Sleeping          |     1 |     3 ||     4
Armor: Skin              |    43 |    48 ||    91
Dodge: Dodged            |   100 |   106 ||   206
